 Dungeon Crawl Stone Soup version 0.19.3-4-gbf9329e (console) character file.

959 Grinner the Basher (level 8, -2/79 HPs)
             Began as an Ogre Monk on Jan 30, 2017.
             Slain by Pikel
             ... wielding a +2 whip of flaming
              (3 damage)
             ... on level 6 of the Dungeon.
             The game lasted 00:16:39 (5433 turns).

Grinner the Basher (Ogre Monk)                      Turns: 5433, Time: 00:16:39

Health: -2/79      AC:  6    Str: 19    XL:     8   Next: 14%
Magic:  0/8        EV: 11    Int: 14    God:
Gold:   45         SH:  0    Dex: 12    Spells: 0 memorised, 7 levels left

rFire  . . .     SeeInvis .     a - +0 flail
rCold  + . .     Gourm    .     l - +2 robe {rC+}
rNeg   . . .     Faith    .     (no shield)
rPois  .         Spirit   +     (helmet restricted)
rElec  .         Reflect  .     e - +0 cloak
rCorr  .         Harm     .     (gloves unavailable)
MR     .....                    (boots unavailable)
Stlth  ++........               d - amulet of guardian spirit
                                (no ring)
                                u - +5 ring of intelligence

@: no status effects
A: unfitting armour, tough skin 1
a: no special abilities


You were on level 6 of the Dungeon.
You were not hungry.

You visited 1 branch of the dungeon, and saw 6 of its levels.

You collected 192 gold pieces.
You spent 147 gold pieces at shops.

Inventory:

Hand Weapons
 a - a +0 flail (weapon)
 b - a +0 whip
Armour
 e - a +0 cloak (worn)
 l - a +2 robe of cold resistance (worn)
Jewellery
 d - an amulet of guardian spirit (around neck)
 u - a +5 ring of intelligence (left hand)
Wands
 s - a wand of confusion (27/48)
Scrolls
 h - a scroll of amnesia
 i - a scroll of recharging
 p - a scroll of enchant armour
 q - 2 scrolls of remove curse
Potions
 k - 2 potions of magic
 n - a potion of curing
 o - a potion of cure mutation
Books
 g - a Fen Folio

   Spells                             Type                      Level
   a - Corpse Rot                     Necromancy                   2
   b - Stone Arrow                    Conjuration/Earth            3
   c - Leda's Liquefaction            Hexes/Earth                  4
   d - Summon Forest                  Summoning/Translocation      5
   e - Hydra Form                     Transmutation                6
   f - Summon Hydra                   Summoning                    7
Comestibles
 c - 5 bread rations
 m - a meat ration
 r - a beef jerky


   Skills:
 + Level 4.9 Fighting
 + Level 11.3 Maces & Flails
 * Level 3.9 Dodging
 - Level 1.4 Stealth


You had 7 spell levels left.
You didn't know any spells.

Dungeon Overview and Level Annotations

Branches:
Dungeon (6/15)             Temple (0/1) D:4

Altars:
Cheibriados
Hepliaklqana

Shops:
D:5 *

Annotations:
D:6 Pikel


Innate Abilities, Weirdness & Mutations

You are too large for most types of armour.
You have tough skin. (AC +1)


Message History

Pikel is severely wounded.
Pikel hits you with a whip of flaming.
* * * LOW HITPOINT WARNING * * *
Pikel burns you.
* * * LOW HITPOINT WARNING * * *
You closely miss Pikel.
Pikel is severely wounded.
Pikel closely misses you.
You sock Pikel!
Pikel is almost dead.
Pikel hits you with a whip of flaming.
* * * LOW HITPOINT WARNING * * *
Pikel burns you.
* * * LOW HITPOINT WARNING * * *
You completely miss Pikel.
Pikel is almost dead.
Pikel hits you with a whip of flaming!
* * * LOW HITPOINT WARNING * * *
Pikel burns you.
You die...

# ### #.# #@#
#...#K#
#h....#
#............
#.#..##.#####
# #.. .# ##.
# .. #.


You could see Pikel.

Vanquished Creatures
  Sigmund (D:5)
  4 slaves (D:6)
  A phantom (D:4)
  A centaur (D:5)
  6 hounds
  2 orc wizards
  A bullfrog skeleton (D:4)
  4 worker ants
  A hound skeleton (D:5)
  2 worker ant zombies (D:5)
  3 gnolls (D:5)
  8 adders
  An ooze (D:3)
  An adder zombie (D:5)
  A worm (D:3)
  2 dart slugs
  7 leopard geckos
  16 orcs
  6 giant cockroaches
  8 hobgoblins
  7 jackals
  A quokka (D:2)
  2 ball pythons
  13 bats
  3 frilled lizards
  12 goblins
  12 kobolds
  A leopard gecko skeleton (D:5)
  11 rats
138 creatures vanquished.

Vanquished Creatures (others)
  A plant (D:1)
1 creature vanquished.

Grand Total: 139 creatures vanquished

Notes
Turn   | Place    | Note
-------+----------+-------------------------------------------
     0 | D:1      | Grinner the Ogre Monk began the quest for the Orb.
     0 | D:1      | Reached XP level 1. HP: 24/24 MP: 1/1
   186 | D:1      | Reached XP level 2. HP: 6/32 MP: 2/2
   428 | D:1      | Reached skill level 5 in Maces & Flails
   657 | D:1      | Reached XP level 3. HP: 39/39 MP: 3/3
  1475 | D:1      | Reached skill level 6 in Maces & Flails
  1648 | D:2      | Reached XP level 4. HP: 39/48 MP: 4/4
  2232 | D:3      | Reached skill level 7 in Maces & Flails
  2693 | D:3      | Reached XP level 5. HP: 35/54 MP: 2/5
  2856 | D:4      | Reached skill level 8 in Maces & Flails
  3243 | D:4      | Reached XP level 6. HP: 46/62 MP: 4/6
  3361 | D:4      | Noticed a phantom
  3376 | D:4      | Reached skill level 9 in Maces & Flails
  3457 | D:4      | Noticed a phantom
  3468 | D:4      | Found a snail-covered altar of Cheibriados.
  3506 | D:4      | Killed a phantom
  3800 | D:4      | Found a staircase to the Ecumenical Temple.
  3869 | D:5      | Entered Level 5 of the Dungeon
  3873 | D:5      | Noticed Sigmund
  3903 | D:5      | Reached XP level 7. HP: 66/70 MP: 4/7
  3918 | D:5      | Reached skill level 10 in Maces & Flails
  3935 | D:5      | Killed Sigmund
  4050 | D:5      | Reached skill level 11 in Maces & Flails
  4604 | D:5      | Reached XP level 8. HP: 76/79 MP: 6/8
  4632 | D:5      | Found Goabbuem's Assorted Antiques.
  4639 | D:5      | Bought a scroll labeled ZIUMPA QOPU for 21 gold pieces
  4639 | D:5      | Bought a scroll of identify for 42 gold pieces
  4639 | D:5      | Bought a lead wand for 84 gold pieces
  4675 | D:5      | Found a hazy altar of Hepliaklqana.
  4991 | D:6      | Noticed Pikel
  5433 | D:6      | HP: 1/79 [Pikel/whip of flaming (8)]
  5433 | D:6      | Slain by Pikel

Skill      XL: |  1  2  3  4  5  6  7 |
---------------+----------------------+-----
Maces & Flails | 5 6 7 8 9 11 | 11.3
Dodging        | 3 |  3.9
Fighting       | |  4.9
Stealth        | |  1.4

Action                   |  1- 3 |  4- 6 |  7- 9 || total
-------------------------+-------+-------+-------++-------
Melee: Mace              |    62 |       |       ||    62
       Whip              |   133 |   212 |       ||   345
       Flail             |       |   105 |   188 ||   293
  Use: Scroll            |       |    13 |     3 ||    16
       Potion            |       |     2 |     4 ||     6
 Stab: Sleeping          |     4 |     4 |     2 ||    10
       Distracted        |       |     1 |       ||     1
  Eat: Chunk             |     2 |     8 |     5 ||    15
Armor: Robe              |    71 |    91 |    35 ||   197
Dodge: Dodged            |   102 |   154 |    69 ||   325
